[Event "Titled Tuesday Blitz March 29 Late 2022"]
[White "Demchenko, Anton"]
[Black "Iskusnyh, Sergei"]
[WhiteFideId "4160258"]
[BlackFideId "4120027"]
[WhiteElo "2539"]
[BlackElo "2492"]
[Result "1-0"]
[Round "04"]
[TimeControl "180+1"]
[Date "2022.03.29"]
[WhiteClock "0:00:42"]
[BlackClock "0:00:02"]

1. e4 e6 2. d4 d5 3. Nd2 c5 4. exd5 Qxd5 5. dxc5 Nf6 6. Ngf3 Qxc5 7. g3 b6 8. Bg2 Bb7 9. O-O Be7 10. a4 O-O 11. a5 Nbd7 12. a6 Bd5 13. c4 Bc6 14. b4 Qxb4 15. Ba3 Qxa3 16. Rxa3 Bxa3 17. Nd4 Bxg2 18. Kxg2 Bc5 19. Nb5 Ne5 20. Qe2 Nc6 21. Nb3 Be7 22. N3d4 Nxd4 23. Nxd4 Rad8 24. Nc6 Rd7 25. Rd1 Rc7 26. Nd4 Rd7 27. Nb5 Rfd8 28. Rxd7 Rxd7 29. Qf3 h5 30. Qa8+ Kh7 31. Nxa7 Rd2 32. h3 Bc5 33. Kf1 Rxf2+ 34. Ke1 Ra2 35. Nb5 g6 36. a7 Nd7 37. Qe4 Bb4+ 38. Kf1 Nc5 39. a8=Q Nxe4 40. Qxa2 1-0


[Site "https://www.chess.com"]

[Event "Titled Tuesday Blitz March 29 Late 2022"]
[White "Derraugh, Geordie"]
[Black "Needleman, Alejandro"]
[WhiteFideId "2603950"]
[BlackFideId "100730"]
[WhiteElo "2116"]
[BlackElo "2231"]
[Result "1/2-1/2"]
[Round "04"]
[TimeControl "180+1"]
[Date "2022.03.30"]
[WhiteClock "0:00:10"]
[BlackClock "0:00:12"]

1. e4 c5 2. Nf3 e6 3. d3 d5 4. Qe2 Nf6 5. g3 Nc6 6. Bg2 Qa5+ 7. c3 dxe4 8. dxe4 Be7 9. O-O O-O 10. Bf4 b5 11. Na3 Ba6 12. c4 bxc4 13. Nxc4 Qb4 14. Rfc1 Rab8 15. b3 Rfd8 16. Bxb8 Rxb8 17. Qe3 Nd7 18. e5 Bxc4 19. Rxc4 Qb6 20. Rd1 Nf8 21. h4 h6 22. Qe4 a5 23. Ng5 hxg5 24. Qxc6 Qxc6 25. Bxc6 gxh4 26. gxh4 Ng6 27. Rd7 Bxh4 28. Rxc5 Rc8 29. Ra7 Be7 30. Rc2 Bb4 31. Ra8 Rxa8 32. Bxa8 Nxe5 33. Be4 f5 34. Bg2 Kf7 35. Rc7+ Kf6 36. Rb7 g5 37. Rb6 Nd3 38. Bd5 Ke5 39. Bxe6 Bc5 40. Ra6 Bxf2+ 41. Kf1 Bd4 42. Bc4 Nf4 43. Rxa5+ Ke4 44. a4 g4 45. Ra8 g3 46. Rg8 g2+ 47. Rxg2 Nxg2 48. Kxg2 Bc3 49. Kf2 f4 50. Be2 Bb4 51. Bf3+ Kd4 52. Ke2 Kc5 53. Kd3 Kb6 54. Ke4 Bd2 55. Kd3 Be1 56. Kc4 Ka5 57. Be2 Bb4 58. Bf3 Be1 59. Be2 Bb4 60. Bf3 Be1 1/2-1/2


[Site "https://www.chess.com"]

[Event "Titled Tuesday Blitz March 29 Late 2022"]
[White "Diaz Perez, Michel Alejandro"]
[Black "Hakobyan, Aram"]
[WhiteFideId "3517179"]
[BlackFideId "13306677"]
[WhiteElo "2337"]
[BlackElo "2557"]
[Result "0-1"]
[Round "04"]
[TimeControl "180+1"]
[Date "2022.03.29"]
[WhiteClock "0:00:05"]
[BlackClock "0:02:03"]

1. d4 Nf6 2. c4 d6 3. Nc3 Nbd7 4. Nf3 e5 5. e4 Be7 6. Be2 O-O 7. O-O c6 8. Re1 Qe8 9. h3 Bd8 10. Bf1 Bb6 11. Bg5 h6 12. Bh4 Nh5 13. dxe5 dxe5 14. Na4 Ba5 15. Re3 Nf4 16. Bg3 Ng6 17. a3 Qe7 18. b4 Bc7 19. c5 Nf6 20. Re1 Nh5 21. Bh2 Nhf4 22. Nb2 Be6 23. Nc4 Rad8 24. Qc2 Qf6 25. Qc3 Rd7 26. Rad1 Rfd8 27. Rxd7 Rxd7 28. Bg3 Kh7 29. Nh2 h5 30. a4 h4 31. Bxf4 Nxf4 32. Ng4 Bxg4 33. hxg4 Qg5 34. Qf3 g6 35. Rd1 Re7 36. b5 Ne6 37. b6 axb6 38. cxb6 Bb8 39. a5 Nd4 40. Qa3 Rd7 41. Qf8 Qd8 42. Qxd8 Rxd8 43. Kh1 Kh6 44. Be2 Kg5 45. Kh2 f5 46. gxf5 gxf5 47. exf5 Rd5 48. Bd3 e4+ 49. Kh3 exd3 50. Rxd3 Nxf5 51. Rxd5 cxd5 52. Na3 d4 53. Nb5 d3 54. Nc3 d2 55. Ne4+ Kh5 56. Nxd2 Nd4 57. Nc4 Nc6 58. g3 hxg3 59. fxg3 Kg5 60. Kg2 Kg4 61. Kf2 Bxg3+ 62. Ke2 Kf5 63. Kd3 Ke6 64. Ke4 Be1 65. a6 bxa6 66. b7 Bg3 67. Na5 Nxa5 68. b8=Q Bxb8 69. Kd4 Nb7 70. Kc4 a5 71. Kb5 Bc7 72. Ka4 Kd6 73. Kb5 Kd7 74. Ka4 Kc6 75. Kb3 Kb5 76. Ka3 Nc5 77. Ka2 Be5 78. Ka3 Kc4 79. Ka2 Nd3 80. Ka3 Nb2 81. Ka2 Kc3 82. Ka3 Bd6+ 83. Ka2 Kc2 84. Ka1 Ba3 85. Ka2 Nc4 86. Ka1 Bc1 87. Ka2 Ne5 88. Ka1 Nd3 89. Ka2 Nb4+ 90. Ka1 Bb2# 0-1


[Site "https://www.chess.com"]

[Event "Titled Tuesday Blitz March 29 Late 2022"]
[White "Dylag, Emilia"]
[Black "Mangialardo, Tiago Carvalho"]
[WhiteFideId "21805172"]
[BlackFideId "2130718"]
[WhiteElo "1932"]
[BlackElo "2056"]
[Result "1/2-1/2"]
[Round "04"]
[TimeControl "180+1"]
[Date "2022.03.30"]
[WhiteClock "0:00:47"]
[BlackClock "0:00:04"]

1. d4 d5 2. c4 Nf6 3. Nf3 e6 4. g3 Be7 5. Bg2 O-O 6. O-O Nbd7 7. Nc3 c5 8. cxd5 Nxd5 9. Nxd5 exd5 10. dxc5 Nxc5 11. Qc2 Be6 12. Rd1 Qb6 13. Be3 Qc6 14. Rac1 Rac8 15. b4 Ne4 16. Qb3 Qb5 17. a3 Qxe2 18. Nd4 Qa6 19. b5 Qxa3 20. Qxa3 Bxa3 21. Ra1 Bc5 22. Bxe4 dxe4 23. Nxe6 fxe6 24. Rd7 Rf7 25. Rad1 Rc7 26. Rd8+ Rf8 27. R8d7 Rf7 28. Rxc7 Rxc7 29. Bxc5 Rxc5 30. Rd8+ Kf7 31. Rd7+ Kf6 32. Rxb7 h5 33. Rxa7 Rxb5 34. Ra4 Kf5 35. Kg2 g5 36. h3 e5 37. Ra3 Rb2 38. Re3 Rd2 39. Re1 Rd3 40. Re2 Rd4 41. Re3 Rd3 42. Re2 Rd4 43. Kg1 Rd1+ 44. Kh2 Rd3 45. Kg2 1/2-1/2


[Site "https://www.chess.com"]

[Event "Titled Tuesday Blitz March 29 Late 2022"]
[White "Estrada Nieto, Julian"]
[Black "Goltsev, Dmitry"]
[WhiteFideId "5101018"]
[BlackFideId "24176710"]
[WhiteElo "2246"]
[BlackElo "2273"]
[Result "0-1"]
[Round "04"]
[TimeControl "180+1"]
[Date "2022.03.30"]
[WhiteClock "0:01:38"]
[BlackClock "0:02:06"]

1. e4 e6 2. d4 d5 3. Nd2 c5 4. exd5 exd5 5. Ngf3 Nc6 6. Bb5 Nf6 7. O-O Be7 8. dxc5 Bxc5 9. Nb3 Bb6 10. Re1+ Be6 11. Be3 O-O 12. Nbd4 Bd7 13. Bd3 h6 14. c3 Re8 15. h3 Ne4 16. Qc2 Rc8 17. Rad1 Nb4 18. Qb1 Nxd3 19. Qxd3 Qf6 20. Nc2 Bxh3 21. Bxb6 Qxb6 22. gxh3 Qxf2+ 23. Kh1 Ng3# 0-1


[Site "https://www.chess.com"]

[Event "Titled Tuesday Blitz March 29 Late 2022"]
[White "Fathy, Elameir"]
[Black "Denishev, Marat"]
[WhiteFideId "10600396"]
[BlackFideId "24131563"]
[WhiteElo "2311"]
[BlackElo "2197"]
[Result "0-1"]
[Round "04"]
[TimeControl "180+1"]
[Date "2022.03.30"]
[WhiteClock "0:00:01"]
[BlackClock "0:00:31"]

1. d4 d5 2. Nf3 Nf6 3. c4 e6 4. g3 Be7 5. Bg2 O-O 6. O-O dxc4 7. Qc2 a6 8. a4 Bd7 9. Qxc4 Bc6 10. Bg5 Nbd7 11. Nc3 Bxf3 12. Bxf3 c6 13. e3 Nb6 14. Qb3 a5 15. Rfd1 Nfd7 16. Bxe7 Qxe7 17. Rac1 Qb4 18. Qc2 Rac8 19. b3 e5 20. Ne4 Nd5 21. Nc5 Nxc5 22. dxc5 Rfd8 23. Qf5 Qxb3 24. Bxd5 cxd5 25. Qxe5 Rxc5 26. Rb1 Qxa4 27. Qe7 Rcc8 28. Rd4 Qd7 29. Rxb7 Qxe7 30. Rxe7 Ra8 31. Rf4 Rf8 32. Rd4 a4 33. Rd2 a3 34. Ra2 Rfb8 35. Kg2 g6 36. Rc7 Rb3 37. Rc5 Rd3 0-1


[Site "https://www.chess.com"]

[Event "Titled Tuesday Blitz March 29 Late 2022"]
[White "Federzoni, Enzo"]
[Black "Hardaway, Brewington"]
[WhiteFideId "2173301"]
[BlackFideId "30941849"]
[WhiteElo "1956"]
[BlackElo "1768"]
[Result "0-1"]
[Round "04"]
[TimeControl "180+1"]
[Date "2022.03.30"]
[WhiteClock "0:01:15"]
[BlackClock "0:00:50"]

1. c4 Nf6 2. Nc3 e6 3. d4 c5 4. Nf3 a6 5. g3 d5 6. cxd5 exd5 7. Bg2 Nc6 8. O-O c4 9. Re1 Bb4 10. Qc2 O-O 11. Bd2 Bxc3 12. Bxc3 Ne4 13. Nd2 Nxc3 14. bxc3 b5 15. e4 Be6 16. exd5 Bxd5 17. Ne4 Ne7 18. h4 h6 19. a4 Rb8 20. axb5 axb5 21. Ra7 Nc6 22. Ra6 b4 23. Nc5 b3 24. Qf5 Bxg2 25. Kxg2 Ne7 26. Qe4 Qd5 27. Qxd5 Nxd5 28. Nd7 Rfe8 29. Rb1 Nxc3 30. Rb2 Rbd8 31. Ne5 Rxd4 32. f4 f6 33. Nc6 Rde4 34. Kf3 h5 35. Na5 Re3+ 36. Kf2 Nd1+ 37. Kf1 Nxb2 0-1


[Site "https://www.chess.com"]

[Event "Titled Tuesday Blitz March 29 Late 2022"]
[White "Fernandez, Daniel Howard"]
[Black "Vachier-Lagrave, Maxime"]
[WhiteFideId "5801605"]
[BlackFideId "623539"]
[WhiteElo "2466"]
[BlackElo "2813"]
[Result "1-0"]
[Round "04"]
[TimeControl "180+1"]
[Date "2022.03.29"]
[WhiteClock "0:01:17"]
[BlackClock "0:00:58"]

1. e4 c5 2. Nf3 d6 3. d4 cxd4 4. Nxd4 Nf6 5. Nc3 Nc6 6. Bg5 e6 7. Qd2 a6 8. O-O-O Bd7 9. f4 Be7 10. Nf3 b5 11. Bxf6 gxf6 12. Kb1 Qa5 13. f5 b4 14. Ne2 e5 15. Qh6 Qc7 16. Ng3 a5 17. Nh5 O-O-O 18. Nxf6 Kb8 19. Nxd7+ Rxd7 20. Qg7 Rc8 21. Qxf7 Nd4 22. Nxd4 exd4 23. Bd3 a4 24. Qd5 Qb6 25. Qb5 Qxb5 26. Bxb5 Ra7 27. Rxd4 Ra5 28. Bd3 b3 29. cxb3 axb3 30. axb3 Rc7 31. Rb4+ Kc8 32. Rc4 Bf6 33. Rhc1 Rxc4 34. Rxc4+ Kb7 35. Rb4+ Kc7 36. Bc4 Be5 37. Bd5 Ra7 38. h4 Kc8 39. g4 h6 40. g5 hxg5 41. hxg5 Rh7 42. Rc4+ Kd8 43. f6 Rh5 44. f7 Bg7 45. Ra4 1-0


[Site "https://www.chess.com"]

[Event "Titled Tuesday Blitz March 29 Late 2022"]
[White "Galego, Luis"]
[Black "Rorrer, Grayson"]
[WhiteFideId "1900072"]
[BlackFideId "30944996"]
[WhiteElo "2516"]
[BlackElo "2122"]
[Result "1/2-1/2"]
[Round "04"]
[TimeControl "180+1"]
[Date "2022.03.30"]
[WhiteClock "0:00:05"]
[BlackClock "0:00:03"]

1. c4 e5 2. Nc3 Bb4 3. g3 Bxc3 4. bxc3 d6 5. Bg2 f5 6. d3 Nf6 7. Nf3 O-O 8. O-O Nc6 9. Rb1 Rb8 10. Nd2 Bd7 11. e3 f4 12. Ne4 fxg3 13. fxg3 Qe7 14. Bd2 Nxe4 15. Bxe4 Rxf1+ 16. Qxf1 Nd8 17. Qg2 b6 18. Rf1 Ne6 19. d4 Rf8 20. Rxf8+ Qxf8 21. h4 Kh8 22. Qf3 Qe8 23. Kg2 c5 24. d5 Nc7 25. g4 a6 26. Be1 b5 27. cxb5 axb5 28. h5 Qe7 29. Kh3 Qe8 30. h6 Kg8 31. hxg7 Qe7 32. Bh4 Qxg7 33. Bf5 Be8 34. e4 h6 35. Bd8 Na6 36. Be6+ Kh7 37. Bf6 Qf8 38. g5 hxg5 39. Bf5+ Kg8 40. Bxg5 Qg7 41. Qg4 Bf7 42. Be6 b4 43. c4 Nc7 44. Bxf7+ Kxf7 45. Qd7+ Kg8 46. Qxd6 Qxg5 47. Qxc7 Qe3+ 48. Kg4 Qxe4+ 49. Kg5 Qf4+ 50. Kg6 Qg4+ 51. Kf6 Qf4+ 52. Kg6 Qg4+ 53. Kf6 Qh4+ 54. Kg6 Qg3+ 55. Kf6 Qf4+ 56. Kg6 1/2-1/2


[Site "https://www.chess.com"]

[Event "Titled Tuesday Blitz March 29 Late 2022"]
[White "Gauri, Shankar"]
[Black "Aydin, Gulenay"]
[WhiteFideId "5041350"]
[BlackFideId "34557431"]
[WhiteElo "2240"]
[BlackElo "1429"]
[Result "0-1"]
[Round "04"]
[TimeControl "180+1"]
[Date "2022.03.30"]
[WhiteClock "0:00:32"]
[BlackClock "0:00:14"]

1. e4 c5 2. Nf3 d6 3. g3 g6 4. Bg2 Bg7 5. O-O e5 6. d3 Nc6 7. Nc3 Nge7 8. Nh4 O-O 9. f4 Nd4 10. f5 gxf5 11. Bg5 f6 12. Be3 fxe4 13. dxe4 Be6 14. Nd5 Qd7 15. c3 Ndc6 16. Qh5 Bg4 17. Nxf6+ Bxf6 18. Bh3 Bxh3 19. Rxf6 Rxf6 20. Qg5+ Rg6 21. Nxg6 Nxg6 22. Rd1 Rf8 23. Qh6 Qg4 24. Re1 Nd8 25. Bf2 Qf3 26. Qxh3 Qxf2+ 0-1


[Site "https://www.chess.com"]

[Event "Titled Tuesday Blitz March 29 Late 2022"]
[White "Gledura, Benjamin"]
[Black "Xiong, Jeffery"]
[WhiteFideId "712779"]
[BlackFideId "2047640"]
[WhiteElo "2326"]
[BlackElo "2727"]
[Result "1-0"]
[Round "04"]
[TimeControl "180+1"]
[Date "2022.03.29"]
[WhiteClock "0:00:49"]
[BlackClock "0:00:04"]

1. Nf3 c5 2. e4 d6 3. d4 cxd4 4. Nxd4 Nf6 5. Nc3 a6 6. g3 e5 7. Nf3 Be7 8. Nh4 g6 9. Bg2 Bg4 10. Nf3 h6 11. h3 Be6 12. O-O Qd7 13. Kh2 Nc6 14. Be3 Rc8 15. Qe2 Na5 16. Rfd1 Nc4 17. Bc1 b5 18. b3 Nb6 19. Bb2 Qc6 20. a3 O-O 21. Qe3 Kg7 22. Rd3 Nbd7 23. Rad1 a5 24. R3d2 b4 25. axb4 axb4 26. Nd5 Bxd5 27. exd5 Qc5 28. Qe2 Bd8 29. Ne1 Bb6 30. Nd3 Qb5 31. Ra1 Nc5 32. f4 e4 33. Nxb4 Qxe2 34. Rxe2 Ra8 35. Rxa8 Rxa8 36. Bxe4 Nd7 37. Bf3 Kf8 38. Nc6 Ra2 39. c4 g5 40. fxg5 hxg5 41. Kg2 g4 42. Bxg4 Nxg4 43. hxg4 Nc5 44. Bg7+ Kxg7 45. Rxa2 1-0


[Site "https://www.chess.com"]

[Event "Titled Tuesday Blitz March 29 Late 2022"]
[White "Godzwon, Iwo"]
[Black "Riazantsev, Alexander"]
[WhiteFideId "21802483"]
[BlackFideId "4125029"]
[WhiteElo "2201"]
[BlackElo "2595"]
[Result "0-1"]
[Round "04"]
[TimeControl "180+1"]
[Date "2022.03.30"]
[WhiteClock "0:00:08"]
[BlackClock "0:01:12"]

1. e4 e5 2. Nf3 Nc6 3. Bb5 a6 4. Ba4 Nf6 5. O-O b5 6. Bb3 Bb7 7. Re1 Bc5 8. c3 d6 9. d4 Bb6 10. Be3 O-O 11. Nbd2 h6 12. h3 Rb8 13. a3 Re8 14. d5 Ne7 15. Bxb6 cxb6 16. Nf1 Ng6 17. Ng3 Bc8 18. Qd2 Bd7 19. Bd1 Rf8 20. Be2 Nh7 21. Bf1 Rc8 22. a4 bxa4 23. Bxa6 Rc7 24. Nf5 Qf6 25. Bd3 Nf4 26. Bc2 b5 27. Kh2 g6 28. Nxh6+ Kg7 29. Ng4 Bxg4 30. hxg4 Ng5 31. Rh1 Rh8+ 32. Kg3 Rcc8 33. Qe3 b4 34. Nxg5 Qxg5 35. f3 bxc3 36. Ra2 cxb2 37. Rxh8 Rxh8 38. Kf2 Rh2 0-1


[Site "https://www.chess.com"]

[Event "Titled Tuesday Blitz March 29 Late 2022"]
[White "Golubev, Mikhail"]
[Black "Burke, Paul"]
[WhiteFideId "14100983"]
[BlackFideId "2605767"]
[WhiteElo "2374"]
[BlackElo "1863"]
[Result "1-0"]
[Round "04"]
[TimeControl "180+1"]
[Date "2022.03.30"]
[WhiteClock "0:00:44"]
[BlackClock "0:01:11"]

1. d4 Nf6 2. c4 c5 3. d5 Ne4 4. f3 Qa5+ 5. Nd2 Nf6 6. e4 d6 7. Bd3 g6 8. f4 Bg7 9. Nf3 Na6 10. O-O O-O 11. e5 dxe5 12. fxe5 Ng4 13. Re1 Qd8 14. h3 Nh6 15. Ne4 Nf5 16. Bf4 h6 17. g4 Nd4 18. Nxd4 cxd4 19. a3 h5 20. gxh5 Bxh3 21. hxg6 fxg6 22. Qd2 e6 23. Ng5 Bf5 24. Qh2 Re8 25. Qh7+ Kf8 26. Bxf5 exf5 27. Qxg6 Qxd5 28. cxd5 1-0


[Site "https://www.chess.com"]

[Event "Titled Tuesday Blitz March 29 Late 2022"]
[White "Gracia Alvarez, Gerardo Antonio"]
[Black "Dimakiling, Oliver"]
[WhiteFideId "5109124"]
[BlackFideId "5202248"]
[WhiteElo "2139"]
[BlackElo "2426"]
[Result "0-1"]
[Round "04"]
[TimeControl "180+1"]
[Date "2022.03.30"]
[WhiteClock "0:00:17"]
[BlackClock "0:02:09"]

1. e4 g6 2. d4 Bg7 3. Nc3 d6 4. f4 a6 5. Nf3 Bg4 6. Be3 Nc6 7. Be2 e5 8. fxe5 Bxf3 9. Bxf3 dxe5 10. d5 Nd4 11. O-O Ne7 12. Ne2 Nxf3+ 13. Rxf3 O-O 14. c4 b6 15. Nc3 f5 16. Qd2 f4 17. Bf2 g5 18. Rd3 Rf6 19. Rd1 Nc8 20. b4 a5 21. a3 axb4 22. axb4 Bf8 23. c5 Rg6 24. d6 cxd6 25. Nb5 bxc5 26. bxc5 g4 27. cxd6 g3 28. hxg3 fxg3 29. Bc5 Qh4 30. Kf1 Qh1+ 31. Bg1 Rf6+ 0-1


[Site "https://www.chess.com"]

[Event "Titled Tuesday Blitz March 29 Late 2022"]
[White "Guerrero Vargas, Andres Jesus"]
[Black "Ashiev, Eduard"]
[WhiteFideId "3902048"]
[BlackFideId "4130090"]
[WhiteElo "2231"]
[BlackElo "2004"]
[Result "1-0"]
[Round "04"]
[TimeControl "180+1"]
[Date "2022.03.30"]
[WhiteClock "0:00:04"]
[BlackClock "0:00:01"]

1. d4 d6 2. e4 g6 3. Nc3 Bg7 4. Be3 c6 5. Qd2 b5 6. Nf3 Bb7 7. h4 h5 8. Ng5 Nd7 9. O-O-O Ngf6 10. f3 b4 11. Bc4 d5 12. Nxd5 cxd5 13. exd5 Bxd5 14. Qxb4 Bxc4 15. Qxc4 O-O 16. g4 Nb6 17. Qe2 Qd5 18. b3 Rac8 19. gxh5 Nxh5 20. Rhg1 Qf5 21. Ne4 Nd5 22. Rg5 Nxe3 23. Rxf5 Nxf5 24. Qf2 Rfd8 25. c3 Nxd4 26. Kb2 Nf5 27. Rxd8+ Rxd8 28. Qxa7 Nf4 29. a4 Nxh4 30. a5 Nxf3 31. a6 Nd3+ 32. Ka3 f5 33. Qb7 fxe4 34. a7 Bf8 35. a8=Q e5+ 36. b4 Rxa8+ 37. Qxa8 Ng5 38. Qd5+ Kh7 39. Qb7+ Bg7 40. Ka4 e3 41. Qh1+ 1-0


[Site "https://www.chess.com"]

[Event "Titled Tuesday Blitz March 29 Late 2022"]
[White "Gurevich, Dmitry"]
[Black "Korchmar, Vasiliy"]
[WhiteFideId "2000407"]
[BlackFideId "24131750"]
[WhiteElo "2506"]
[BlackElo "2370"]
[Result "1-0"]
[Round "04"]
[TimeControl "180+1"]
[Date "2022.03.29"]
[WhiteClock "0:00:04"]
[BlackClock "0:00:01"]

1. d4 Nf6 2. c4 c6 3. Bf4 d5 4. e3 Bg4 5. Qc1 e6 6. Nc3 Nbd7 7. Nf3 Be7 8. Be2 dxc4 9. Bxc4 Bxf3 10. gxf3 O-O 11. O-O c5 12. dxc5 Nxc5 13. Qc2 Rc8 14. Qe2 Qb6 15. Rac1 a6 16. a3 Nb3 17. Rc2 Na5 18. Ba2 Rfd8 19. b4 Nc6 20. Na4 Qa7 21. Nc5 a5 22. Nxe6 Re8 23. b5 Nb8 24. Ng5 Rxc2 25. Bxf7+ Kh8 26. Qxc2 Rf8 27. Be6 g6 28. Nf7+ Kg8 29. Bh6 Qb6 30. Ng5+ Kh8 31. Bxf8 Bxf8 32. Rd1 Qxb5 33. f4 Nc6 34. Bd7 Bxa3 35. Bxc6 Qxc6 36. Qxc6 bxc6 37. Rd8+ Kg7 38. Rc8 c5 39. Rc7+ Kg8 40. Ne6 Ne4 41. f3 Nd2 42. Kf2 c4 43. Ke2 Bb4 44. Rd7 c3 45. Nd4 Nc4 46. Nc2 Na3 47. Nxb4 axb4 48. Rb7 c2 49. Kd2 Nc4+ 50. Kxc2 Nxe3+ 51. Kd3 Nd5 52. Ke4 Nc3+ 53. Ke5 Ne2 54. f5 1-0


[Site "https://www.chess.com"]

[Event "Titled Tuesday Blitz March 29 Late 2022"]
[White "Guz, Ari"]
[Black "Van Foreest, Jorden"]
[WhiteFideId "2825759"]
[BlackFideId "1039784"]
[WhiteElo "1913"]
[BlackElo "2609"]
[Result "0-1"]
[Round "04"]
[TimeControl "180+1"]
[Date "2022.03.29"]
[WhiteClock "0:01:22"]
[BlackClock "0:02:05"]

1. Nf3 b6 2. b3 Bb7 3. Bb2 Nf6 4. e3 g6 5. Be2 Bg7 6. O-O O-O 7. c4 c5 8. d4 cxd4 9. Nxd4 d6 10. Bf3 Qc8 11. Nd2 Nbd7 12. Bxb7 Qxb7 13. Qf3 Qxf3 14. N2xf3 Rfc8 15. Rac1 a6 16. Rfd1 Nc5 17. Ne2 b5 18. Ned4 Nfe4 19. Ba1 bxc4 20. Rxc4 d5 21. Rcc1 Nd3 22. Rxc8+ Rxc8 23. Rf1 Bh6 24. Ne2 Nexf2 25. Rxf2 Bxe3 26. Bd4 Bxf2+ 27. Bxf2 Rc2 28. Nfd4 Rxa2 0-1


[Site "https://www.chess.com"]

[Event "Titled Tuesday Blitz March 29 Late 2022"]
[White "Hambleton, Aman"]
[Black "Lehtosaari, Mauri"]
[WhiteFideId "2606577"]
[BlackFideId "501999"]
[WhiteElo "2552"]
[BlackElo "2510"]
[Result "1/2-1/2"]
[Round "04"]
[TimeControl "180+1"]
[Date "2022.03.29"]
[WhiteClock "0:00:02"]
[BlackClock "0:00:17"]

1. d4 d5 2. Bf4 c5 3. e3 Nc6 4. c3 Nf6 5. Nd2 Bf5 6. Qb3 Qd7 7. Ngf3 c4 8. Qd1 e6 9. Be2 h6 10. O-O Bd6 11. Bxd6 Qxd6 12. b3 b5 13. a4 b4 14. bxc4 bxc3 15. c5 Qc7 16. Bb5 O-O 17. Nb3 a5 18. Rc1 c2 19. Qe2 Nb4 20. Ne1 e5 21. f3 exd4 22. exd4 Qf4 23. Qd2 Qxd2 24. Nxd2 Na2 25. Rxc2 Bxc2 26. Nxc2 Nb4 27. Nxb4 axb4 28. Rb1 Ne8 29. Rxb4 Nc7 30. Kf2 Rfb8 31. Nb1 Ne6 32. Nc3 Rd8 33. g3 g6 34. Bc6 Rab8 35. Rxb8 Rxb8 36. Bb5 Nxd4 37. Ke3 Ne6 38. Nxd5 Nxc5 39. Kd4 Ne6+ 40. Kc4 Kg7 41. a5 Rc8+ 42. Kb4 Nd4 43. Nb6 Rc2 44. Bc4 Nc6+ 45. Kb3 Rxh2 46. a6 Rh3 47. g4 Rxf3+ 48. Ka4 Na7 49. Nd5 Rg3 50. Ka5 Rxg4 51. Bb3 Rg5 52. Kb6 Nc8+ 53. Kc7 Na7 54. Kb6 Nc8+ 55. Kb7 Nd6+ 56. Kc6 Nc8 57. Kb7 Nd6+ 58. Kc6 Nc8 59. Kb7 1/2-1/2


[Site "https://www.chess.com"]

[Event "Titled Tuesday Blitz March 29 Late 2022"]
[White "Harish, Neeraj"]
[Black "Brizzi, Milagros Tatiana"]
[WhiteFideId "30958130"]
[BlackFideId "128350"]
[WhiteElo "1574"]
[BlackElo "1844"]
[Result "1-0"]
[Round "04"]
[TimeControl "180+1"]
[Date "2022.03.30"]
[WhiteClock "0:00:47"]
[BlackClock "0:00:03"]

1. e4 c6 2. d4 d5 3. e5 Bf5 4. Nd2 e6 5. Nb3 Ne7 6. Nf3 Nc8 7. Be2 Be7 8. O-O O-O 9. a4 b6 10. Bd2 c5 11. c4 Nc6 12. cxd5 Qxd5 13. dxc5 bxc5 14. Be3 Qxd1 15. Bxd1 c4 16. Nbd4 Bd3 17. Nxc6 Bxf1 18. Kxf1 a5 19. Nxe7+ Nxe7 20. Bc5 Rfe8 21. Nd4 Nd5 22. Bf3 Rab8 23. Nb5 Rec8 24. Bd6 Rb6 25. Bxd5 exd5 26. Rd1 f6 27. exf6 gxf6 28. Rxd5 Kf7 29. Ke2 Ke6 30. Rc5 Re8 31. Bg3 Kd7+ 32. Kd2 Rd8 33. Kc3 Re8 34. Kxc4 Re2 35. Kc3 Re1 36. Rc7+ Ke6 37. Rxh7 Rc1+ 38. Kb3 Rbc6 39. Nd4+ Kd5 40. Nxc6 Kxc6 41. Rc7+ Kd5 42. Rxc1 Ke6 1-0


[Site "https://www.chess.com"]

[Event "Titled Tuesday Blitz March 29 Late 2022"]
[White "Hess, Robert"]
[Black "Barria Zuniga, Daniel"]
[WhiteFideId "2022036"]
[BlackFideId "3400816"]
[WhiteElo "2557"]
[BlackElo "2414"]
[Result "1-0"]
[Round "04"]
[TimeControl "180+1"]
[Date "2022.03.29"]
[WhiteClock "0:00:15"]
[BlackClock "0:00:06"]

1. b3 d5 2. Bb2 Bg4 3. h3 Bh5 4. d3 e6 5. Nd2 c5 6. g4 Bg6 7. Ngf3 Nc6 8. e3 h5 9. g5 h4 10. Rg1 Nge7 11. Rg4 Nf5 12. e4 Nfd4 13. Be2 Be7 14. Nxd4 cxd4 15. exd5 Qxd5 16. Bf3 Qa5 17. Kf1 Bxg5 18. Nc4 Qd8 19. Bxc6+ bxc6 20. Rxd4 Qc7 21. Qf3 Bf6 22. Rd6 Bxb2 23. Rxc6 Qb8 24. Nxb2 O-O 25. Nc4 a5 26. a4 Qb4 27. Re1 Qc3 28. Ne5 Qd2 29. Qe3 Qxe3 30. Rxe3 Bf5 31. Kg2 Rfc8 32. Rxc8+ Rxc8 33. Nc4 Rc5 34. Re5 Rxe5 35. Nxe5 f6 36. Nc6 e5 37. Ne7+ 1-0


[Site "https://www.chess.com"]

[Event "Titled Tuesday Blitz March 29 Late 2022"]
[White "Hjartarson, Johann"]
[Black "Melkumyan, Hrant"]
[WhiteFideId "2300044"]
[BlackFideId "13302485"]
[WhiteElo "2450"]
[BlackElo "2604"]
[Result "0-1"]
[Round "04"]
[TimeControl "180+1"]
[Date "2022.03.29"]
[WhiteClock "0:00:12"]
[BlackClock "0:00:21"]

1. e4 c6 2. d4 d5 3. exd5 cxd5 4. c3 Nf6 5. Bf4 Nc6 6. Bd3 g6 7. Nf3 Bf5 8. Bxf5 gxf5 9. O-O e6 10. Ne5 Bd6 11. Nd3 Bxf4 12. Nxf4 Qd6 13. Nd3 O-O 14. Nd2 Kh8 15. Nf3 Nd7 16. Qd2 Rg8 17. g3 Rg4 18. Rae1 Rag8 19. Kh1 Qf8 20. b4 Re4 21. Ng5 Rxe1 22. Rxe1 Nf6 23. f3 h6 24. Nh3 Kh7 25. Nhf4 Nd7 26. Qg2 Qg7 27. Qe2 Qf6 28. a4 Rc8 29. a5 b6 30. axb6 axb6 31. Ra1 Qd8 32. Ra6 Ndb8 33. Ra8 Qd6 34. Qa2 Qc7 35. Kg2 Nd7 36. Rxc8 Qxc8 37. Qa4 Ne7 38. Qb5 Qc7 39. Ne2 Nf6 40. Ne5 Kg7 41. h3 Nc8 42. g4 Nd6 43. Qa6 fxg4 44. hxg4 h5 45. g5 Nd7 46. Nxd7 Qxd7 47. Qxb6 Nc4 48. Qc5 Qa4 49. Nf4 Qc2+ 50. Kg3 Ne3 51. Nxh5+ Kg6 52. Nf4+ Kf5 53. Qf8 Nf1+ 54. Kh4 Qf2+ 55. Kh5 Qh2+ 0-1


[Site "https://www.chess.com"]

[Event "Titled Tuesday Blitz March 29 Late 2022"]
[White "Hnydiuk, Aleksander"]
[Black "Winkels, Marcel"]
[WhiteFideId "1109057"]
[BlackFideId "1003887"]
[WhiteElo "2374"]
[BlackElo "1900"]
[Result "1-0"]
[Round "04"]
[TimeControl "180+1"]
[Date "2022.03.30"]
[WhiteClock "0:01:22"]
[BlackClock "0:00:39"]

1. Nf3 Nf6 2. c4 c5 3. g3 e6 4. Bg2 d5 5. cxd5 exd5 6. d4 cxd4 7. Nxd4 Nc6 8. O-O Bc5 9. Nxc6 bxc6 10. Qc2 Qb6 11. Nc3 Bd6 12. Be3 Qc7 13. Rac1 Be6 14. Nb5 cxb5 15. Qxc7 Bxc7 16. Rxc7 O-O 17. Bxa7 Rfd8 18. a3 Ne4 19. Rd1 Rac8 20. Rdc1 Rxc7 21. Rxc7 Nd6 22. Bd4 Nc4 23. Rb7 Nd6 24. Rb6 f6 25. Bc5 Ne4 26. Bxe4 dxe4 27. Rxe6 1-0


[Site "https://www.chess.com"]

[Event "Titled Tuesday Blitz March 29 Late 2022"]
[White "Holt, Conrad"]
[Black "Taichman, Ori"]
[WhiteFideId "2034387"]
[BlackFideId "2804069"]
[WhiteElo "2586"]
[BlackElo "2227"]
[Result "1-0"]
[Round "04"]
[TimeControl "180+1"]
[Date "2022.03.29"]
[WhiteClock "0:01:33"]
[BlackClock "0:01:57"]

1. d4 Nf6 2. c4 g6 3. Nc3 Bg7 4. e4 O-O 5. Nf3 d6 6. h3 e5 7. dxe5 dxe5 8. Qxd8 Rxd8 9. Bg5 Re8 10. Nd5 Nxd5 11. cxd5 c6 12. Bc4 cxd5 13. Bxd5 Na6 14. Ke2 Nc7 15. Bb3 a5 16. Rhc1 a4 17. Bxf7+ Kxf7 18. Rxc7+ Kg8 19. Be3 a3 20. b3 b6 21. Bxb6 Ba6+ 22. Ke1 Bf8 23. Bc5 Rac8 24. Rxc8 Rxc8 25. Bxf8 Kxf8 26. Kd2 Rd8+ 27. Kc3 Be2 28. Nxe5 Re8 29. f4 g5 30. g3 h5 31. Re1 Ba6 32. Kb4 h4 33. gxh4 gxf4 34. Ng6+ Kg7 35. Nxf4 Bb7 36. Kxa3 Bxe4 37. Kb2 Kf6 38. Nd5+ Kf5 39. Nc3 Bc6 40. Rxe8 Bxe8 41. a4 Ke5 42. a5 Kd4 43. a6 Kc5 44. a7 Bc6 45. h5 Kb6 46. h6 1-0


[Site "https://www.chess.com"]